 Dungeon Crawl Stone Soup version 0.32-a0-607-g64ea0e4219 (webtiles) character file.

Game seed: 12138909019414499298

1898222 whatisthis the Crack Shot (level 24, 245/245 HPs)
             Began as a Demigod Hunter on Mar 3, 2024.
             Escaped with the Orb
             ... and 3 runes!
             The game lasted 03:05:30 (53403 turns).

whatisthis the Crack Shot (Demigod Hunter)         Turns: 53403, Time: 03:05:31

Health: 245/245    AC: 11    Str: 16    XL:     24   Next: 79%
Magic:  36/36      EV: 69    Int: 12    God:
Gold:   3267       SH:  5    Dex: 61    Spells: 23/23 levels left

rFire   + + .        Y - +4 triple crossbow (flame)
rCold   + + .        (shield currently unavailable)
rNeg    . . .        t - +1 leather armour "Guleugi" {MP+9 Dex+5}
rPois   +            F - +2 helmet {SInv}
rElec   .            W - scarf {rC+ rF+}
rCorr   .            D - +2 pair of gloves
SInv    +            c - +2 pair of boots
Will    +++..        L - amulet of Darkness {Reflect rF+ Regen+ Slay+3 SH+5}
Stlth   ++           y - ring of Faes {*Corrode rPois rC+ Int+6 Dex+7}
HPRegen 1.40/turn    R - ring of Hixu {Will+ EV+5 Str+4 Int-5}
MPRegen 0.25/turn

%: corrode self (3%), reflection
@: hasted, very quick
A: high MP 1, forlorn, divine attributes, deformed body, screaming 1, MP-powered
wands
0: Orb of Zot
}: 3/15 runes: serpentine, barnacled, silver
a: no special abilities


You escaped.
You visited 8 branches of the dungeon, and saw 44 of its levels.
You visited 1 bazaar.
You also visited: Sewer.

You collected 8718 gold pieces.
You spent 5451 gold pieces at shops.

Inventory:

Hand Weapons
 Y - a +4 triple crossbow of flaming (weapon)
Missiles
 v - 44 poisoned darts
 I - 5 curare-tipped darts
 O - 3 throwing nets
Armour
 c - a +2 pair of boots (worn)
 k - a +2 ring mail of fire resistance
 t - the +1 leather armour "Guleugi" (worn) {MP+9 Dex+5}
   (You bought it in a shop on level 2 of the Orcish Mines)

   Dex+5:     It affects your dexterity (+5).
   MP+9:      It affects your magic capacity (+9).
 D - a +2 pair of gloves (worn)
 F - a +2 helmet of see invisible (worn)
 W - a scarf of resistance (worn)
Jewellery
 m - a +4 ring of protection
 w - a +4 ring of protection
 y - the ring of Faes (left hand) {*Corrode rPois rC+ Int+6 Dex+7}
   (You found it on level 5 of the Realm of Zot)

   [ring of intelligence]

   Int+6:     It affects your intelligence (+6).
   Dex+7:     It affects your dexterity (+7).
   rC+:       It protects you from cold.
   rPois:     It protects you from poison.
   *Corrode:  It may corrode you when you take damage.
 G - a ring of protection from cold
 L - the amulet of Darkness (around neck) {Reflect rF+ Regen+ Slay+3 SH+5}
   (You acquired it on level 1 of the Lair of Beasts)

   [amulet of reflection]

   Reflect:   It reflects blocked missile attacks.
   Slay+3:    It affects your accuracy & damage with ranged weapons and melee
   (+3).
   rF+:       It protects you from fire.
   Regen+:    It increases your rate of health regeneration.
   SH+5:      It affects your SH (+5).
 M - a ring of flight
 R - the ring of Hixu (right hand) {Will+ EV+5 Str+4 Int-5}
   (You acquired it on level 2 of the Orcish Mines)

   [ring of evasion]

   EV+5:      It affects your evasion (+5).
   Str+4:     It affects your strength (+4).
   Int-5:     It affects your intelligence (-5).
   Will+:     It increases your willpower.
 S - a ring of protection from fire
 U - a ring of protection from fire
Wands
 p - a wand of roots (19)
 J - a wand of flame (100)
 K - a wand of polymorph (29)
 T - a wand of charming (36)
 V - a wand of acid (14)
Scrolls
 a - a scroll of torment
 b - 2 scrolls of butterflies
 d - 16 scrolls of teleportation
 f - 8 scrolls of enchant armour
 g - 4 scrolls of fog
 o - 3 scrolls of blinking
 r - a scroll of brand weapon
 s - 6 scrolls of fear
 E - a scroll of immolation
 N - 5 scrolls of silence
 P - 4 scrolls of poison
 Z - 3 scrolls of vulnerability
Potions
 e - 41 potions of curing
 h - 7 potions of enlightenment
 i - 3 potions of invisibility
 j - 5 potions of berserk rage
 l - 6 potions of might
 n - 14 potions of heal wounds
 q - 9 potions of lignification
 u - 13 potions of mutation
 x - 7 potions of cancellation
 z - 2 potions of resistance
 A - 2 potions of haste
 B - 6 potions of magic
 C - 7 potions of brilliance
 H - 4 potions of ambrosia
 Q - 4 potions of attraction
Miscellaneous
 X - a lightning rod (4/4)


   Skills:
 - Level 25.9 Fighting
 - Level 26.0 Ranged Weapons
 + Level 22.8 Dodging
 - Level 4.7 Stealth


You had 23 spell levels left.
You didn't know any spells.
Your spell library contained the following spells:

 Spells                   Type           Power      Damage    Failure   Level
 Apportation              Tloc           0%         N/A       38%         1
 Freeze                   Ice            0%         1d3       38%         1
 Magic Dart               Conj           0%         1d3       38%         1
 Necrotise                Necr           0%         1d4       38%         1
 Summon Small Mammal      Summ           0%         N/A       38%         1
 Blink                    Tloc           0%         N/A       52%         2
 Ensorcelled Hibernation  Hex/Ice        0%         N/A       52%         2
 Jinxbite                 Hex            0%         N/A       52%         2
 Lesser Beckoning         Tloc           0%         N/A       52%         2
 Mercury Vapours          Alch/Air       0%         N/A       52%         2
 Momentum Strike          Conj/Tloc      0%         3d8       52%         2
 Searing Ray              Conj           0%         2d4       52%         2
 Sublimation of Blood     Necr           0%         N/A       52%         2
 Call Canine Familiar     Summ           0%         N/A       77%         3
 Frozen Ramparts          Ice            0%         1d1       77%         3
 Fugue of the Fallen      Necr           0%         N/A       77%         3
 Hailstorm                Conj/Ice       0%         3d5       77%         3
 Inner Flame              Hex/Fire       0%         N/A       77%         3
 Mephitic Cloud           Conj/Alch/Air  0%         N/A       77%         3
 Ozocubu's Armour         Ice            0%         N/A       77%         3
 Summon Ice Beast         Ice/Summ       0%         N/A       77%         3
 Tukima's Dance           Hex            0%         N/A       77%         3
 Vampiric Draining        Necr           0%         2d6       77%         3
 Anguish                  Hex/Necr       0%         N/A       99%         4
 Animate Armour           Summ/Erth      0%         N/A       99%         4
 Animate Dead             Necr           0%         N/A       99%         4
 Brom's Barrelling Bould  Conj/Erth      0%         2d3       99%         4
 Cause Fear               Hex            0%         N/A       99%         4
 Dimensional Bullseye     Hex/Tloc       0%         N/A       99%         4
 Fulminant Prism          Conj/Alch      0%         3d5       99%         4
 Iskenderun's Mystic Bla  Conj/Tloc      0%         2d3       99%         4
 Leda's Liquefaction      Alch/Erth      0%         N/A       99%         4
 Martyr's Knell           Necr/Summ      0%         N/A       99%         4
 Petrify                  Alch/Erth      0%         N/A       99%         4
 Summon Blazeheart Golem  Fire/Summ      0%         N/A       99%         4
 Summon Lightning Spire   Summ/Air       0%         N/A       99%         4
 Vhi's Electric Charge    Tloc/Air       0%         N/A       99%         4
 Alistair's Intoxication  Alch           0%         N/A       100%        5
 Arcjolt                  Conj/Air       0%         1d10      100%        5
 Curse of Agony           Necr           0%         N/A       100%        5
 Fireball                 Conj/Fire      0%         3d3       100%        5
 Freezing Cloud           Conj/Ice/Air   0%         6-21      100%        5
 Irradiate                Conj/Alch      0%         3d11      100%        5
 Iskenderun's Battlesphe  Conj           0%         2d6       100%        5
 Lee's Rapid Deconstruct  Erth           0%         3d4*      100%        5
 Metabolic Englaciation   Hex/Ice        0%         N/A       100%        5
 Summon Mana Viper        Hex/Summ       0%         N/A       100%        5
 Conjure Ball Lightning   Conj/Air       0%         3x3d6     100%        6
 Plasma Beam              Fire/Air       0%         2x1d10    100%        6
 Sculpt Simulacrum        Ice/Alch       0%         N/A       100%        6
 Haunt                    Necr/Summ      0%         N/A       100%        7
 Malign Gateway           Summ/Tloc      0%         N/A       100%        7
 Monstrous Menagerie      Summ           0%         N/A       100%        7
 Orb of Destruction       Conj           0%         9d5       100%        7
 Discord                  Hex            0%         N/A       100%        8
 Disjunction              Tloc           0%         N/A       100%        8
 Ignition                 Fire           0%         3d3       100%        8
 Infestation              Necr           0%         N/A       100%        8
 Summon Horrible Things   Summ           0%         N/A       100%        8
 Dragon's Call            Summ           0%         N/A       100%        9


Dungeon Overview and Level Annotations

Branches:
Dungeon (15/15)            Temple (0/1) D:5            Lair (5/5) D:10
 Shoals (4/4) Lair:2        Snake (4/4) Lair:3        Slime (0/5) Lair:5
    Orc (2/2) D:12            Elf (0/3) Orc:2        Vaults (5/5) D:14
  Crypt (0/3) Vaults:3     Depths (4/4) D:15            Zot (5/5) Depths:4
  Sewer (visited)

Shops:
D:11 *   D:14 !   Orc:2 (*[(   Shoals:1 (   Shoals:2 (   Shoals:3 !   Snake:2 *
Snake:4 =:=!   Vaults:2 [[:(   Vaults:3 (   Depths:1 (((

Portals:
Hell: Depths:1 Depths:2 Depths:3 Depths:4
Abyss: Depths:3 Depths:4
Pandemonium: Depths:2 Depths:4
Ziggurat: Depths:1
Trove: D:14 (give +6 ice dragon scales)

Annotations:
D:2 Robin
D:5 2 runed translucent doors, dolemite99's ghost, amateur CoHs
D:6 exclusion: oklob plant
D:7 exclusion: door
D:9 Erolcha
D:10 1 exclusion
D:12 1 runed translucent door
Depths:2 1 runed translucent door, exclusion: door


Innate Abilities, Weirdness & Mutations

You have an increased reservoir of magic. (+10% MP)
You shall have no god before yourself.
Your divine heritage dramatically boosts your attributes as you level up.
Armour fits poorly on your strangely shaped body.
You occasionally shout uncontrollably at your foes.
You expend magic power (3 MP) to strengthen your wands.


Message History

You kill the cacodemon!
You block the sixfirhy's attack.
The sixfirhy hits you but does no damage.
The orange demon completely misses you. x2
You shoot a bolt. The bolt hits the sixfirhy!
The bolt burns the sixfirhy.
The sixfirhy is moderately wounded.
The sixfirhy completely misses you. The sixfirhy misses you.
The sixfirhy barely misses you. The sixfirhy completely misses you.
The orange demon completely misses you. x2
You shoot a bolt. The bolt hits the sixfirhy!!!
The bolt burns the sixfirhy!
You kill the sixfirhy!
The orange demon completely misses you. You block the orange demon's attack.
You shoot a bolt. The bolt hits the orange demon!
The bolt burns the orange demon.
The orange demon is moderately wounded.
The orange demon completely misses you. x2
You shoot a bolt. The bolt hits the orange demon!!!
The bolt burns the orange demon.
You kill the orange demon!
The orange demon completely misses you.
You shoot a bolt. The bolt hits the orange demon!!
The bolt burns the orange demon!
The orange demon is heavily wounded.
The orange demon completely misses you.
You shoot a bolt. The bolt hits the orange demon!!!
The bolt burns the orange demon!
You kill the orange demon!
No target in view!
You yell at the sun demon!
A balrug and 3 sun demons come into view.
The balrug is wielding a +2 demon whip of draining.
You feel yourself speed up.
The sun demon shouts! x3
You open the door.
There is an open door here.
You see here a +0 spear.
There is an open door here.
You see here a ball python skeleton.
There is a staircase leading out of the dungeon here.
You have escaped!

#.# ##.#### #.# #...#.# #.#
###########.###.#
####.######.............#.#
...#........#..%....#.#.#.#
...#####.###..#####÷....#.#
...+.# #.##..#.....#..#...#
...#.# #.#..#.....÷.#..#.##
.....# #...#..(.@....#...#
.....# #....#.......#..###
.....# ####..#.....#..##
.....# ###..#####..##
.....# #..#.......##
###..#####..#########
###.........# ....#######.#
###########÷#


There were no monsters in sight!

Vanquished Creatures
  4 dread liches (Zot:5)
  3 ancient liches
  6 orbs of fire
  3 juggernauts
  Josephina (Zot:2)
  Vv (Zot:3)
  Parghit (Depths:3)
  Sojobo (Vaults:3)
  Boris (Vaults:4)
  6 Killer Klowns (Zot:5)
  Margery (Vaults:4)
  6 curse toes
  8 golden dragons
  Norris (Depths:1)
  The ghost of jasper the Skinwalker, an adept DsWr of Gozag (Depths:2)
  A bone dragon (Depths:3)
  4 electric golems
  27 Orb Guardians
  10 tentacled monstrosities
  A walking earthen tome (Depths:4)
  Asterion (Vaults:1)
  9 titans
  4 sphinxes
  The ghost of Strat the Scorcher, an adept DsFE of Makhleb (Shoals:3)
  4 krakens
  8 death cobs
  An ancient champion (Vaults:3)
  9 quicksilver dragons
  A searing wretch (Vaults:4)
  Frances (D:12)
  9 shadow dragons
  6 tengu reavers
  11 storm dragons
  6 draconian knights
  Ilsuiw (Shoals:2)
  6 draconian monks
  12 nagarajas
  4 iron dragons
  4 draconian shifters
  3 ghost moths
  14 fire giants
  18 vault wardens
  6 frost giants
  A balrug (Depths:2)
  9 draconian scorchers
  3 deep elf sorcerers (Vaults:5)
  A reaper (Depths:2)
  3 draconian stormcallers
  A cacodemon (D:1)
  17 ironbound preservers
  2 spriggan defenders (Depths:2)
  25 very ugly things
  8 draconian annihilators
  7 formless jellyfish
  11 ironbound thunderhulks
  2 vampire knights
  18 stone giants
  2 deep elf death magi
  21 dire elephants
  Nessos (D:13)
  10 black draconians
  3 spark wasps (Depths:4)
  16 red draconians
  12 yellow draconians
  A lorocyproca (D:1)
  5 green draconians
  9 white draconians
  6 war gargoyles
  8 purple draconians
  Snorg (D:12)
  An eidolon (Vaults:3)
  A blizzard demon (Depths:4)
  5 merfolk javelineers
  12 ettins
  A green death (Depths:2)
  2 entropy weavers (Vaults:1)
  3 jiangshi (Depths:1)
  2 crystal guardians
  18 yaktaur captains
  2 great orbs of eyes
  7 merfolk impalers
  10 fire dragons
  3 deep elf high priests (Vaults:5)
  8 rakshasas
  3 hydras
  5 ice dragons
  33 vault guards
  A hell beast (Depths:3)
  4 peacekeepers
  A salamander tyrant (Depths:3)
  4 ironbound frosthearts
  5 satyrs
  5 spriggan air magi
  3 merfolk aquamancers (Shoals:4)
  3 ogre magi
  Erica (D:11)
  11 centaur warriors
  14 anacondas
  An alligator snapping turtle (Shoals:1)
  An alligator (shapeshifter) (Vaults:5)
  6 deep troll earth magi
  13 two-headed ogres
  2 boulder beetles
  5 tengu warriors
  4 deep troll shamans (Depths:2)
  A merfolk avatar (Shoals:4)
  4 occultists
  8 death yaks
  Urug (Orc:2)
  10 naga warriors
  2 vampire magi
  2 shock serpents
  A sun demon (Depths:4)
  8 spriggan berserkers
  5 hell knights
  A spriggan (Depths:4)
  23 naga sharpshooters
  Nergalle (Lair:2)
  13 sea snakes
  3 sixfirhies
  9 skysharks
  A titan skeleton (Vaults:4)
  7 iron trolls
  A death drake (shapeshifter) (Vaults:5)
  10 mana vipers
  58 deep trolls
  A shadow wraith (Shoals:1)
  An orb spider (shapeshifter) (Vaults:5)
  A quicksilver dragon simulacrum (Depths:3)
  3 salamander mystics
  A sea snake (shapeshifter) (Vaults:5)
  A swamp dragon (Lair:5)
  25 slime creatures
  6 arcanists
  2 flayed ghosts
  7 lindwurms
  6 necromancers
  7 naga ritualists
  10 ironbound convokers
  2 deep elf zephyrmancers (D:15)
  5 phantasmal warriors
  A harpy (shapeshifter) (D:13)
  18 harpies
  7 orc knights
  2 tengu zombies
  4 deep elf pyromancers
  A salamander (shapeshifter) (Depths:4)
  An oklob plant (Lair:3)
  11 cyclopes
  Maurice (D:9)
  26 fauns
  37 ugly things
  A frost giant skeleton (Vaults:1)
  A human skeleton (Vaults:1)
  14 salamanders
  11 merfolk sirens
  17 elephants
  8 manticores
  33 moths of wrath
  3 meliai (D:15)
  9 apocalypse crabs (Zot:4)
  6 guardian serpents
  A torpor snail (Lair:3)
  17 vault sentinels
  5 water nymphs
  2 centaur zombies (D:15)
  30 black mambas
  4 gargoyles
  A smoke demon (Depths:4)
  6 kobold blastminers
  2 orange demons (D:1)
  16 naga magi
  A storm dragon simulacrum (Zot:2)
  An elf skeleton (Vaults:2)
  8 cane toads
  29 yaktaurs
  9 rime drakes
  3 unseen horrors
  A yaktaur zombie (Vaults:4)
  An efreet (Zot:5)
  2 human zombies
  An ice devil (Zot:5)
  A golden dragon simulacrum (Zot:2)
  4 komodo dragons
  A yaktaur skeleton (Vaults:2)
  4 tengu conjurers (Depths:1)
  5 trolls
  A red devil (D:1)
  2 wind drakes (Shoals:2)
  A troll (shapeshifter) (Vaults:5)
  25 merfolk
  3 polar bears
  2 hornets
  2 glass eyes (Depths:1)
  A hornet (shapeshifter) (Vaults:5)
  10 dream sheep
  15 snapping turtles
  Prince Ribbit (D:9)
  A snapping turtle (shapeshifter) (Vaults:5)
  3 wraiths (D:11)
  Sigmund (D:6)
  2 shadows
  11 water elementals
  An elf zombie (Vaults:1)
  2 fire elementals (D:13)
  A vampire (D:14)
  37 yaks
  15 steam dragons
  6 basilisks
  5 redbacks (Vaults:1)
  10 vampire mosquitoes
  A yellow draconian simulacrum (Zot:2)
  54 nagas
  A glowing shapeshifter zombie (Vaults:2)
  3 acid dragons
  Edmund (D:6)
  3 hell hounds (Zot:2)
  7 water moccasins
  33 orc warriors
  A swamp drake (Lair:5)
  4 ice beasts
  2 sky beasts
  14 ogres
  9 wolves
  A wolf (shapeshifter) (D:15)
  21 centaurs
  A phantom (D:4)
  11 bullfrogs
  13 wights
  15 killer bees
  2 howler monkeys
  3 electric eels
  2 bombardier beetles
  7 lava snakes
  3 hounds
  12 jellies
  12 orc priests
  A sleepcap (D:7)
  A gnoll bouda (D:6)
  A boggart zombie (D:15)
  4 iguanas
  Natasha (D:4)
  19 orc wizards
  5 hell rats (Lair:3)
  5 gnolls
  8 adders
  A shadow imp (D:7)
  3 white imps
  2 ufetubi (D:5)
  2 dart slugs (D:1)
  4 ribbon worms
  71 orcs
  16 endoplasms
  5 giant cockroaches
  13 hobgoblins
  3 jackals (D:1)
  19 kobolds
  3 quokkas
  9 ball pythons
  8 bats
  8 frilled lizards
  11 goblins
  8 rats
  7 tentacles
1875 creatures vanquished.

Vanquished Creatures (others)
  An ancient lich (Vaults:5)
  An occultist (D:15)
  A deep troll (Depths:2)
  A vampire (D:13)
  A moth of wrath simulacrum (Zot:2)
  17 tentacles
22 creatures vanquished.

Grand Total: 1897 creatures vanquished

Notes
Turn   | Place    | Note
-------+----------+-------------------------------------------
     0 | D:1      | whatisthis the Demigod Hunter began the quest for the Orb.
     0 | D:1      | Reached XP level 1. HP: 17/17 MP: 3/3
   175 | D:1      | Reached XP level 2. HP: 20/24 MP: 4/4
   394 | D:1      | Reached skill level 4 in Ranged Weapons
   590 | D:1      | Reached XP level 3. HP: 28/30 MP: 5/5
  1420 | D:2      | Noticed Robin
  1774 | D:3      | Reached XP level 4. HP: 38/38 MP: 6/6
  1916 | D:3      | Found a glowing drain.
  1925 | Sewer    | Entered a sewer
  2677 | D:3      | Reached XP level 5. HP: 45/45 MP: 7/7
  3393 | D:4      | Reached skill level 5 in Ranged Weapons
  3456 | D:4      | Noticed Natasha
  3462 | D:4      | Killed Natasha
  3463 | D:4      | Reached XP level 6. HP: 47/52 MP: 8/8
  3531 | D:5      | Entered Level 5 of the Dungeon
  3537 | D:5      | Found a staircase to the Ecumenical Temple.
  3609 | D:5      | Found a large runed translucent door.
  3610 | D:5      | Found a large runed translucent door.
  3614 | D:5      | Noticed dolemite99's ghost (amateur CoHs)
  4501 | D:6      | Noticed Edmund
  4598 | D:6      | Reached XP level 7. HP: 60/60 MP: 9/9
  4777 | D:6      | Noticed Sigmund
  4785 | D:6      | Killed Sigmund
  4786 | D:6      | Reached skill level 5 in Fighting
  4819 | D:6      | Reached skill level 6 in Ranged Weapons
  5316 | D:7      | Reached skill level 5 in Dodging
  5339 | D:6      | Reached XP level 8. HP: 66/69 MP: 10/10
  5383 | D:6      | Killed Edmund
  5535 | D:6      | Noticed an oklob plant
  5989 | D:7      | Reached skill level 7 in Ranged Weapons
  6797 | D:8      | Reached XP level 9. HP: 64/79 MP: 11/11
  7033 | D:8      | Reached skill level 8 in Ranged Weapons
  7341 | D:8      | Found Verasipt's Armour Emporium.
  8066 | D:9      | Noticed a green ugly thing
  8077 | D:9      | Killed a green ugly thing
  8078 | D:9      | Reached skill level 9 in Ranged Weapons
  8233 | D:9      | Noticed Maurice
  8250 | D:9      | Killed Maurice
  8674 | D:9      | Reached XP level 10. HP: 89/91 MP: 13/13
  9138 | D:9      | Reached skill level 10 in Ranged Weapons
  9452 | D:9      | Noticed Prince Ribbit
  9455 | D:9      | Noticed Erolcha
  9578 | D:10     | Entered Level 10 of the Dungeon
  9578 | D:10     | Noticed a two-headed ogre
  9627 | D:9      | Killed Prince Ribbit
  9628 | D:9      | Reached skill level 10 in Fighting
  9756 | D:10     | Identified the +4 hand axe "Soan" {drain, rPois Will+}
  9928 | D:10     | Found a staircase to the Lair.
  9975 | D:10     | Noticed a centaur warrior
 10443 | D:10     | Killed a two-headed ogre
 10444 | D:10     | Reached skill level 11 in Ranged Weapons
 10929 | D:11     | Noticed a two-headed ogre
 10944 | D:11     | Killed a two-headed ogre
 10945 | D:11     | Reached XP level 11. HP: 49/101 MP: 14/14
 11556 | Lair:1   | Entered Level 1 of the Lair of Beasts
 11960 | Lair:1   | Identified a scroll of acquirement
 11961 | Lair:1   | Acquired the amulet of Darkness {Reflect rF+ Regen+ Slay+3
                  | SH+5}
 12428 | Lair:2   | Noticed Nergalle
 12488 | Lair:2   | Identified the +0 sling of the Whale {drain, rElec rPois
                  | Will+ Int-3}
 13068 | Lair:2   | Killed Nergalle
 13069 | Lair:2   | Reached skill level 12 in Ranged Weapons
 13255 | Lair:3   | Noticed a death yak
 13307 | Lair:3   | Noticed a death yak
 13308 | Lair:3   | Noticed a death yak
 13308 | Lair:3   | Noticed a death yak
 13315 | Lair:3   | Noticed a death yak
 13332 | Lair:3   | Noticed a skyshark
 13350 | Lair:2   | Killed a skyshark
 13441 | Lair:3   | Noticed a five-headed hydra
 13462 | Lair:3   | Noticed a death yak
 13462 | Lair:3   | Noticed a death yak
 13464 | Lair:3   | Noticed a death yak
 13517 | Lair:2   | Killed a death yak
 13578 | Lair:2   | Killed a five-headed hydra
 13647 | Lair:3   | Found a staircase to the Snake Pit.
 14117 | Lair:3   | Reached XP level 12. HP: 113/113 MP: 15/15
 14189 | Lair:3   | Reached skill level 13 in Ranged Weapons
 14865 | Lair:4   | Identified the serpent talisman "Mohang" {Int+6}
 14984 | Lair:4   | Found a frozen archway.
 15302 | Lair:4   | Reached XP level 13. HP: 123/123 MP: 16/16
 15383 | Lair:4   | Reached skill level 14 in Ranged Weapons
 16151 | Lair:5   | Entered Level 5 of the Lair of Beasts
 16306 | Lair:5   | Found a staircase to the Slime Pits.
 16359 | Lair:5   | Reached skill level 10 in Dodging
 17144 | Lair:5   | Identified the +0 plate armour of Palunilah {rPois Will-
                  | Dex+6 Stlth+}
 17455 | D:11     | Found Loenaaq's General Store.
 17479 | D:11     | Bought 2 curare-tipped darts for 26 gold pieces
 17595 | D:11     | Noticed Erica
 17610 | D:11     | Killed Erica
 17765 | D:11     | Identified the +4 quarterstaff "Nedill" {flame, rElec rF-
                  | rN+ Int+3}
 17920 | D:12     | Noticed Frances
 17936 | D:12     | Killed Frances
 17971 | D:12     | Found a staircase to the Orcish Mines.
 17984 | D:12     | Found a runed translucent door.
 18182 | D:12     | Noticed a minotaur
 18231 | D:12     | Noticed Snorg
 18245 | D:12     | Reached skill level 15 in Ranged Weapons
 18252 | D:12     | Killed Snorg
 18685 | D:13     | Reached skill level 15 in Fighting
 18931 | D:13     | Noticed Nessos
 18932 | D:13     | Reached XP level 14. HP: 135/135 MP: 17/17
 18936 | D:13     | Killed Nessos
 19415 | D:14     | Found Norimp's Distillery.
 19431 | D:14     | Bought a potion of attraction for 45 gold pieces
 19431 | D:14     | Bought a potion of lignification for 45 gold pieces
 19431 | D:14     | Bought a potion of curing for 45 gold pieces
 19431 | D:14     | Bought a potion of curing for 45 gold pieces
 19431 | D:14     | Bought a potion of might for 60 gold pieces
 19431 | D:14     | Bought a potion of curing for 45 gold pieces
 19431 | D:14     | Bought a potion of degeneration for 15 gold pieces
 19603 | D:14     | Found a gate to the Vaults.
 19774 | D:14     | Found a portal to a secret trove of treasure.
 20201 | D:15     | Entered Level 15 of the Dungeon
 20720 | D:15     | Reached skill level 16 in Ranged Weapons
 20762 | D:15     | Found a staircase to the Depths.
 21169 | Orc:1    | Entered Level 1 of the Orcish Mines
 21582 | Orc:2    | Entered Level 2 of the Orcish Mines
 21631 | Orc:2    | Found a flickering gateway to a bazaar.
 21650 | Bazaar   | Entered a bazaar
 21652 | Bazaar   | Found Hivuf's Assorted Antiques.
 21656 | Bazaar   | Found Epnopso's Assorted Antiques.
 21656 | Bazaar   | Found Counnakk's Armour Boutique.
 21657 | Bazaar   | Found Lawking's Jewellery Boutique.
 21682 | Bazaar   | Bought a glowing orange potion for 17 gold pieces
 21682 | Bazaar   | Bought a potion of curing for 57 gold pieces
 21700 | Bazaar   | Bought a scroll of revelation for 210 gold pieces
 21700 | Bazaar   | Bought a scroll of identify for 56 gold pieces
 21700 | Bazaar   | Bought a lumpy inky potion for 25 gold pieces
 22064 | Orc:2    | Found a staircase to the Elven Halls.
 22133 | Orc:2    | Noticed Urug
 22141 | Orc:2    | Killed Urug
 22423 | Orc:2    | Found Meorr's General Store.
 22423 | Orc:2    | Found Qicoupty's Antique Armour Shop.
 22425 | Orc:2    | Found Bunuesh's Antique Weapon Boutique.
 22427 | Orc:2    | Found Keskouto's Weapon Shoppe.
 22538 | Orc:2    | Bought a scroll of teleportation for 36 gold pieces
 22538 | Orc:2    | Bought a scroll of identify for 24 gold pieces
 22543 | Orc:2    | Bought a heavily runed leather armour for 154 gold pieces
 22543 | Orc:2    | Identified the +1 leather armour "Guleugi" {MP+9 Dex+5}
                  | (You bought it in a shop on level 2 of the Orcish Mines)
 22994 | Snake:1  | Entered Level 1 of the Snake Pit
 23008 | Snake:1  | Reached XP level 15. HP: 144/144 MP: 18/18
 24230 | Snake:2  | Reached skill level 17 in Ranged Weapons
 24317 | Snake:2  | Noticed a nagaraja
 24326 | Snake:2  | Killed a nagaraja
 24746 | Snake:2  | You fall into a shaft and drop 1 floor!
 25335 | Snake:2  | Found Burrunog's Assorted Antiques.
 25343 | Snake:2  | Bought a potion of enlightenment for 165 gold pieces
 25343 | Snake:2  | Bought a golden potion for 29 gold pieces
 26195 | Snake:3  | Noticed a nagaraja
 26205 | Snake:3  | Killed a nagaraja
 26414 | Snake:3  | Reached skill level 18 in Ranged Weapons
 26623 | Snake:3  | Identified the +7 flail "Eriarisch" {flame, +Blink rPois}
 26641 | Snake:4  | Entered Level 4 of the Snake Pit
 26670 | Snake:4  | Reached XP level 16. HP: 138/157 MP: 19/19
 27338 | Snake:4  | Found Boegautu's Jewellery Shoppe.
 27339 | Snake:4  | Found Diown's Book Boutique.
 27340 | Snake:4  | Found Ubuok's Jewellery Shoppe.
 27394 | Snake:4  | Found Ruiritsa's Distillery.
 28154 | Snake:4  | Reached skill level 19 in Ranged Weapons
 28256 | Snake:4  | Got a serpentine rune of Zot
 28973 | Shoals:1 | Entered Level 1 of the Shoals
 29139 | Shoals:1 | Identified the +1 ring mail of Miod {Harm rElec Will+
                  | Dex+5}
 29184 | Shoals:1 | Found Epugg's Antique Weapon Shoppe.
 29899 | Shoals:2 | Noticed a kraken
 29999 | Shoals:2 | Noticed Ilsuiw
 30049 | Shoals:2 | Killed Ilsuiw
 30081 | Shoals:2 | Reached XP level 17. HP: 168/168 MP: 20/20
 30265 | Shoals:2 | Found Xayxkil's Antique Weapon Boutique.
 30540 | Shoals:2 | Found the +7 staff of the Meek {protect, meekguard}
 30797 | Shoals:3 | Found Segyl's Distillery.
 30942 | Shoals:3 | Reached skill level 20 in Ranged Weapons
 31095 | Shoals:3 | Found a runed translucent door.
 31103 | Shoals:3 | Noticed Strat's ghost (adept DsFE)
 31174 | Shoals:3 | Killed Strat's ghost
 31277 | Shoals:4 | Entered Level 4 of the Shoals
 31366 | Shoals:4 | Identified the staff of Spite {rElec rF+ Str+4 Int+5 Fire}
 32203 | Shoals:4 | Got a barnacled rune of Zot
 32504 | Vaults:1 | Entered Level 1 of the Vaults
 32864 | Vaults:1 | Found a crumbling gateway.
 33092 | Vaults:1 | Reached skill level 21 in Ranged Weapons
 33096 | Vaults:1 | Reached XP level 18. HP: 149/180 MP: 21/21
 33300 | Vaults:1 | Noticed Asterion
 33325 | Vaults:1 | Killed Asterion
 33647 | Vaults:1 | Reached XP level 19. HP: 187/187 MP: 22/22
 34446 | Vaults:1 | Reached skill level 22 in Ranged Weapons
 34581 | Vaults:2 | Found Losuqor's Weapon Shop.
 34589 | Vaults:2 | Paralysed by a formless jellyfish for 1 turns
 34762 | Vaults:2 | Found Kaeg Regycw's Book Emporium.
 34779 | Vaults:2 | Found Tubruc's Armour Shop.
 35202 | Vaults:2 | Found Xilaofus's Antique Armour Shoppe.
 35739 | Vaults:2 | Bought a pair of steaming gloves for 380 gold pieces
 35739 | Vaults:2 | Identified the +1 pair of gloves of Uskablim {rN+} (You
                  | bought it in a shop on level 2 of the Vaults)
 35965 | Vaults:3 | Reached skill level 23 in Ranged Weapons
 36364 | Vaults:3 | Found Bump's Antique Weapon Emporium.
 36439 | Vaults:3 | Identified the +9 rapier "Tosipn" {flame, Dex+6}
 36891 | Vaults:3 | Reached XP level 20. HP: 195/195 MP: 24/24
 36993 | Vaults:3 | Reached skill level 24 in Ranged Weapons
 37015 | Vaults:3 | Found a staircase to the Crypt.
 37279 | Vaults:3 | Identified the +1 plate armour of Astibbi {+Inv rPois
                  | Regen+ Int-2}
 37795 | Vaults:4 | Identified the +3 robe of Tender Moments {Harm *Corrode
                  | ^Drain rC+++}
 37795 | Vaults:4 | Noticed Boris
 37799 | Vaults:4 | Killed Boris
 38313 | Vaults:4 | Noticed Margery
 38314 | Vaults:4 | Reached skill level 25 in Ranged Weapons
 38317 | Vaults:4 | Killed Margery
 38705 | Vaults:4 | Noticed Sojobo
 38714 | Vaults:3 | Killed Sojobo
 39440 | Orc:2    | Bought 3 scrolls of acquirement for 1872 gold pieces
 39440 | Orc:2    | Acquired 746 gold pieces
 39441 | Orc:2    | Acquired 828 gold pieces
 39442 | Orc:2    | Acquired the ring of Hixu {Will+ EV+5 Str+4 Int-5}
 39575 | Vaults:2 | Bought a dyed leather armour for 200 gold pieces
 39701 | Depths:1 | Entered Level 1 of the Depths
 39719 | Depths:1 | Noticed Norris
 39749 | Depths:1 | Killed Norris
 39844 | Depths:1 | Found Zikk's Weapon Boutique.
 39858 | Depths:1 | Found Umith's Antique Weapon Boutique.
 39894 | Depths:1 | Reached skill level 26 in Ranged Weapons
 40015 | Depths:1 | Reached XP level 21. HP: 203/203 MP: 25/25
 40216 | Depths:1 | Found a one-way gateway to a ziggurat.
 40302 | Depths:1 | Found Buelu's Weapon Shoppe.
 40602 | Depths:1 | Found a gateway to Hell.
 41012 | Depths:2 | Noticed a juggernaut
 41064 | Depths:2 | Noticed jasper's ghost (adept DsWr)
 41091 | Depths:2 | Found a runed translucent door.
 41095 | Depths:2 | Found a runed translucent door.
 41102 | Depths:2 | Killed jasper's ghost
 41308 | Depths:2 | Noticed a juggernaut
 41309 | Depths:2 | Noticed a golden dragon
 41453 | Depths:1 | Killed a juggernaut
 41576 | Depths:2 | Killed a golden dragon
 41768 | Depths:2 | Found a one-way gate leading to the halls of Pandemonium.
 41847 | Depths:2 | Killed a juggernaut
 41938 | Depths:2 | Identified the +1 cloak "Nameelli" {rF- Int+5 SInv}
 42787 | Depths:3 | Noticed Parghit
 42795 | Depths:3 | Killed Parghit
 42886 | Depths:3 | Reached skill level 15 in Dodging
 42902 | Depths:3 | You fall into a shaft and drop 1 floor!
 42902 | Depths:4 | Entered Level 4 of the Depths
 42902 | Depths:4 | Noticed a golden dragon
 42902 | Depths:4 | Noticed a golden dragon
 43061 | Depths:3 | Found a one-way gate to the infinite horrors of the Abyss.
 43638 | Depths:4 | Noticed a juggernaut
 43657 | Depths:4 | Killed a juggernaut
 43779 | Depths:4 | Reached XP level 22. HP: 217/217 MP: 26/26
 43982 | Depths:4 | Found a gate to the Realm of Zot.
 44145 | Depths:4 | Identified the granite talisman of Floral Intercession
                  | {Str+3 Stlth+}
 44568 | Vaults:5 | Entered Level 5 of the Vaults
 44572 | Vaults:5 | Identified the +4 arbalest of Ugips {heavy, Str+3}
 44683 | Vaults:5 | Found the +3 hat of Pondering {ponderous, Will+ MP+10
                  | Int+5}
 44706 | Vaults:5 | Identified the +6 battleaxe of Gunwocuasi {flame, rN+ MP+9}
 44777 | Vaults:5 | Identified the +6 battleaxe "Conservator" {venom, Dex+5
                  | Stlth+}
 44783 | Vaults:5 | Got a silver rune of Zot
 45037 | Vaults:5 | Identified the +1 pair of boots "Damnable Contraption"
                  | {+Inv rC- Regen+ Str+3}
 45326 | Vaults:5 | Noticed an ancient lich
 45337 | Vaults:5 | Killed an ancient lich
 45413 | Vaults:5 | Identified the +0 pair of boots of Taipt {Regen+ Int+4}
 45491 | Vaults:5 | Noticed an ancient lich
 45494 | Vaults:5 | Killed an ancient lich
 46665 | Snake:4  | Bought a potion of haste for 190 gold pieces
 46665 | Snake:4  | Bought 2 potions of curing for 114 gold pieces
 46665 | Snake:4  | Bought a potion of haste for 190 gold pieces
 46665 | Snake:4  | Bought a potion of ambrosia for 152 gold pieces
 46665 | Snake:4  | Bought 2 potions of invisibility for 304 gold pieces
 46665 | Snake:4  | Bought a potion of curing for 57 gold pieces
 46665 | Snake:4  | Bought a potion of mutation for 152 gold pieces
 46907 | Shoals:3 | Bought a potion of curing for 57 gold pieces
 46907 | Shoals:3 | Bought a potion of curing for 57 gold pieces
 46907 | Shoals:3 | Bought 2 potions of resistance for 380 gold pieces
 46907 | Shoals:3 | Bought a potion of mutation for 152 gold pieces
 46907 | Shoals:3 | Bought a potion of heal wounds for 95 gold pieces
 47250 | Zot:1    | Entered Level 1 of the Realm of Zot
 47542 | Zot:1    | Reached XP level 23. HP: 229/229 MP: 27/27
 48176 | Zot:2    | Identified the ring of Makhleb's Displeasure {Ice rN++
                  | rCorr Slay+2}
 48176 | Zot:2    | Noticed Josephina
 48768 | Zot:2    | Noticed an orb of fire
 48775 | Zot:2    | Killed an orb of fire
 48781 | Zot:2    | Killed Josephina
 49482 | Zot:3    | Noticed Vv
 49503 | Zot:3    | Killed Vv
 50442 | Zot:4    | Identified the +5 dagger of Execution {pain, rF++}
 51173 | Zot:5    | Entered Level 5 of the Realm of Zot
 51486 | Zot:5    | Noticed an ancient lich
 51489 | Zot:5    | Killed an ancient lich
 51548 | Zot:5    | Reached XP level 24. HP: 243/243 MP: 27/27
 51568 | Zot:5    | Noticed a Killer Klown
 51581 | Zot:5    | Killed a Killer Klown
 51631 | Zot:5    | Noticed an orb of fire
 51643 | Zot:5    | Gained mutation: You sometimes lose your temper in combat.
                  | [an orb of fire]
 51646 | Zot:5    | Killed an orb of fire
 51743 | Zot:5    | Noticed a dread lich
 51746 | Zot:5    | Noticed an orb of fire
 51746 | Zot:5    | Killed a dread lich
 51747 | Zot:5    | Noticed a Killer Klown
 51751 | Zot:5    | Noticed an orb of fire
 51757 | Zot:5    | Killed an orb of fire
 51759 | Zot:5    | Noticed an orb of fire
 51760 | Zot:5    | Gained mutation: You are weak. (Str -2) [an orb of fire]
 51767 | Zot:5    | Killed an orb of fire
 51771 | Zot:5    | Killed an orb of fire
 51775 | Zot:5    | Killed a Killer Klown
 51799 | Zot:5    | Noticed a Killer Klown
 52011 | Zot:5    | Noticed a dread lich
 52014 | Zot:5    | Killed a dread lich
 52160 | Zot:5    | Noticed an ancient lich
 52162 | Zot:5    | Killed an ancient lich
 52201 | Zot:5    | Noticed a dread lich
 52203 | Zot:5    | Killed a dread lich
 52207 | Zot:5    | Noticed an orb of fire
 52219 | Zot:5    | Gained mutation: You occasionally shout uncontrollably at
                  | your foes. [an orb of fire]
 52224 | Zot:5    | Noticed a Killer Klown
 52226 | Zot:5    | Killed an orb of fire
 52226 | Zot:5    | Noticed a Killer Klown
 52227 | Zot:5    | Noticed a dread lich
 52234 | Zot:5    | Killed a Killer Klown
 52287 | Zot:5    | Identified the ring of Faes {*Corrode rPois rC+ Int+6
                  | Dex+7}
 52461 | Zot:5    | Lost mutation: You sometimes lose your temper in combat.
                  | [potion of mutation]
 52461 | Zot:5    | Lost mutation: You are weak. (Str -2) [potion of mutation]
 52461 | Zot:5    | Gained mutation: You expend magic power (3 MP) to
                  | strengthen your wands. [potion of mutation]
 52490 | Zot:5    | Killed a Killer Klown
 52495 | Zot:5    | Killed a dread lich
 52504 | Zot:5    | Killed a Killer Klown
 52550 | Zot:5    | Noticed a Killer Klown
 52554 | Zot:5    | Killed a Killer Klown
 52657 | Zot:5    | Got the Orb of Zot
 52696 | Zot:5    | Noticed Ceuwefod the pandemonium lord
 53070 | D:13     | Noticed Vyzoh the pandemonium lord
 53104 | D:11     | Noticed Lylotruoc the pandemonium lord
 53351 | D:1      | Gained mutation: Armour fits poorly on your strangely
                  | shaped body. [a cacodemon]
 53403 | D:$      | Escaped with the Orb!

Illustrated notes

Levels and vault maps discovered:
D:1:      scummos_arrival_hexagon, layout_basic, feat_on_display
D:2:      layout_basic, basic_altar, uniq_robin
D:3:      cheibrodos_helix_gallery, layout_basic, mainiacjoe_overflow_boulevard,
          ebering_ecumenical_altar_abandoned, portal_sewer_entry_b
D:4:      layout_basic, uniq_natasha
D:5:      layout_basic, minmay_temple_entry_glassed_door,
          ebering_ghost_disaster_area
D:6:      lemuel_slime, layout_loops_ring, uniq_edmund, uniq_sigmund
D:7:      layout_loops_ring, grunt_tough_drop
D:8:      layout_basic, nicolae_overflow_hallway_of_the_gods, serial_shops, shop
D:9:      layout_stronghold, slow_altar_1, uniq_erolcha, uniq_prince_ribbit1,
          uniq_maurice
D:10:     layout_roguey, hellmonk_lair_entry_icy, corexii_leaking_fountain,
          minmay_crystal_water, minmay_misc_feat_four_crosses
D:11:     layout_gridville, serial_shops, shop, minmay_orc_keep, uniq_erica
D:12:     layout_long_grid, orc_0_dummy, mainiacjoe_labyrinth_nostalgia,
          uniq_frances, uniq_snorg
D:13:     layout_basic, serial_park_tiny_pond, yredelemnul_altar_generic,
          uniq_nessos
D:14:     layout_loops_ring, david_vaults_1, chequers_serial_rivers_small_3,
          nicolae_trove_entry_crystal, serial_shops, shop,
          grunt_dithmenos_smoke_and_mirrors
D:15:     grunt_enter_depths_magical_seal, layout_stronghold, chequers_garden
Lair:1:   layout_small_grid
Lair:2:   layout_roguey, nicolae_shoals_entry_flooding, lemuel_old_faithful,
          uniq_nergalle
Lair:3:   layout_hall_layers, nicolae_snake_entry_warm_welcome,
          chequers_serial_rivers_micro_b, infiniplex_staircase_pool_2,
          serial_bayou_shore_a, grunt_megastairs_4
Lair:4:   layout_regular_city, portal_ice_cave_rime, grunt_forest_stairs_basic,
          bobbens_dragon_lair_wall
Lair:5:   guppyfry_lair_end_dragon, layout_gridlike,
          nicolae_slime_entry_slimehenge, infiniplex_staircase_pool
Shoals:1: cheibrodos_shoals_satyrical_garden, layout_shoals, serial_shops,
          nicolae_shop_hallway_plus, nicolae_shoals_hidden_pirate_stash
Shoals:2: layout_shoals, serial_shops, shop, hangedman_shoals_cup_caves,
          uniq_ilsuiw
Shoals:3: layout_shoals, ebering_ghost_reflecting_pool, serial_shops,
          nicolae_shop_crystal, nicolae_shoals_isolated_beach
Shoals:4: shoals_end_grunt_garden, layout_shoals
Snake:1:  layout_grid_shapes
Snake:2:  nicolae_snake_shooting_gallery, layout_chambers, serial_shops, shop,
          grunt_megastairs_1, lemuel_fruit_tree
Snake:3:  layout_cave_town, basic_altar
Snake:4:  grunt_snake_rune_pools, layout_layer_cave, serial_shops,
          nicolae_shop_getting_attention, hangedman_snake_corridor_cut,
          minmay_shop_grove
Orc:1:    layout_caves
Orc:2:    st_orc_rangers, layout_caves, serial_shops, bzr_entry_dummy,
          mines2_david, uniq_urug
Vaults:1: portal_desolation_entry_garden, nicolae_vaults_apartment_2,
          nicolae_vaults_angled_halls, ontoclasm_vaults_chip,
          nicolae_vaults_cochlea, v_misc_14, ontoclasm_vaults_ring_square,
          nicolae_vaults_wrenched, nicolae_vaults_heart-shaped_vault,
          layout_vaults_quadrants, uniq_asterion
Vaults:2: vaults_room_pool, hangedman_vaults_restitches, vaults_room_door_hall,
          v_misc_16, hangedman_vaults_corner, nicolae_vaults_surprise_closet,
          ontoclasm_vaults_shuriken, nicolae_vaults_little_guard_posts,
          vaults_mumra_hexcomb, v_misc_8, nicolae_vaults_alarming,
          nicolae_vaults_little_squares_3, layout_vaults_omnibox, serial_shops,
          shop, nicolae_square_shop, shop, nicolae_shop_stone
Vaults:3: v_alt_pattern_4, hangedman_vaults_river_flow,
          minmay_crypt_entry_simple_statues, nicolae_vaults_border_crossing,
          ontoclasm_vaults_tryst, nicolae_vaults_house_2, v_alt_pattern_6,
          vaults_room_door_ring, nicolae_vaults_windows_and_doors_thing,
          nicolae_vaults_trapezoid_3, vaults_room_pool,
          layout_vaults_chaotic_city, serial_shops, nicolae_shop_peninsula
Vaults:4: v_rooms_3, nicolae_vaults_security_offices_5, vaults_room_door_hall,
          nicolae_vaults_double_plus_3, nicolae_vaults_closet_pinwheel_5,
          nicolae_vaults_frosty_reception, nicolae_vaults_puzzle_piece,
          nicolae_vaults_closet_pinwheel_2, v_alt_pattern_1, layout_vaults_maze,
          uniq_sojobo, uniq_boris, uniq_margery
Vaults:5
Depths:1: layout_cave_shapes, enter_ziggurat_e, old_standard_altar,
          serial_shops, shop, pf_hell_entry_great_geh,
          kennysheep_generic_room_3, minmay_shop_star, uniq_norris
Depths:2: nzn_winding_woodlands_stair_cross [nzn_winding_woodlands_5x15_pockets,
          nzn_winding_woodlands_center_lodge, nzn_winding_woodlands_5x15_parted,
          nzn_winding_woodlands_5x5_open_star,
          nzn_winding_woodlands_5x5_closed_star,
          nzn_winding_woodlands_5x15_lazy_stream,
          nzn_winding_woodlands_center_pierced_h,
          nzn_winding_woodlands_5x15_river_crossing], layout_gridville,
          hangedman_decor_push, hellmonk_ghost_happy_afterlife,
          rand_demon_pan_entry_5, hell_entry, kennysheep_treasure_room,
          infiniplex_staircase_trident, firewood_loft, serial_bayou_shore_b
Depths:3: nicolae_cairo_tiling_large_dashed, layout_cave_shapes, chequers_jeans,
          abyss_entry_crystal, grunt_mini_vestibule,
          infiniplex_staircase_pillars_1, uniq_parghit
Depths:4: grunt_zot_entry_bicorn, layout_cave_pools,
          abyss_entry_small_statue_room, kennysheep_flooded_box, hell_entry,
          rand_demon_pan_entry_1, nrook_pool_corridor,
          nemelex_spade_bored_becter
Zot:1:    layout_concentric_octagons
Zot:2:    lemuel_draconian_sentries, layout_gridlike, uniq_josephina
Zot:3:    layout_twisted_circle, regret_index_zotdec_glowing_original, uniq_vv
Zot:4:    gammafunk_mikee_crab_dinner, layout_concentric_octagons
Zot:5:    layout_cellular_growth, lemuel_baited_zot_trap

Skill      XL: |  1  2  3  4  5  6  7  8  9 10 11 12 13 14 15 16 17 18 19 20 21 22 23 24 |
---------------+-------------------------------------------------------------------------+-----
Fighting       | 2 3 4 5 7 9 10 12 13 15 16 17 19 20 22 24 25 | 25.9
Ranged Weapons | 4 5 6 7 9 11 12 13 15 16 18 19 21 23 26 | 26.0
Dodging        | 2 3 4 5 6 7 9 10 12 15 18 20 22 | 22.8
Stealth        | 4 |  4.7

Action                     |  1- 3 |  4- 6 |  7- 9 | 10-12 | 13-15 | 16-18 | 19-21 | 22-24 || total
---------------------------+-------+-------+-------+-------+-------+-------+-------+-------++-------
   Fire: Shortbow          |   158 |   217 |       |       |       |       |       |       ||   375
         Orcbow            |       |    22 |   377 |   369 |       |       |       |       ||   768
         Sling             |       |       |       |   589 |   447 |       |       |       ||  1036
         Arbalest          |       |       |       |       |   155 |       |       |    34 ||   189
         Longbow           |       |       |       |       |   731 |  1149 |   436 |       ||  2316
         Triple crossbow   |       |       |       |       |    19 |    30 |   819 |   986 ||  1854
  Throw: Dart              |       |       |       |     2 |     5 |       |       |       ||     7
  Evoke: Wand              |       |       |    11 |     1 |     7 |     2 |     2 |     3 ||    26
         Lightning rod     |       |       |       |       |       |       |     3 |     8 ||    11
    Use: Scroll            |       |     1 |     7 |     8 |    14 |     6 |    13 |    17 ||    66
         Potion            |       |       |       |       |     3 |     2 |       |    26 ||    31
 Armour: Leather armour    |    65 |    85 |   140 |   348 |    71 |   262 |   287 |   191 ||  1449
         Steam dragon scal |       |       |       |    17 |   178 |       |       |       ||   195
         Plate armour      |       |       |       |       |    98 |       |       |       ||    98
  Dodge: Dodged            |    69 |   122 |   184 |   623 |   558 |   627 |   684 |   581 ||  3448
  Block: Other             |       |       |       |    68 |   122 |   114 |    98 |    54 ||   456
         Reflection        |       |       |       |     1 |    44 |    31 |    11 |     2 ||    89

Table legend: (Time is in decaauts)
 A = Elapsed time spent in this place.
 B = Non-inter-level travel time spent in this place.
 C = Inter-level travel time spent in this place.
 D = Time resting spent in this place.
 E = Time spent auto-exploring this place.
 F = Levels seen in this place.
 G = Mean time per level.
                   A        B        C        D        E       F      G
               +--------+--------+--------+--------+--------+-----+--------+
         Total |  53202 |  47737 |   5465 |   7709 |  18552 |  46 | 1156.6 |
       Dungeon |  16324 |  14606 |   1718 |   2467 |   6865 |  15 | 1088.3 |
          Lair |   6609 |   5475 |   1134 |    506 |   2250 |   5 | 1321.8 |
        Shoals |   3472 |   3056 |    416 |    349 |    481 |   4 |  868.0 |
     Snake Pit |   5726 |   5212 |    514 |    698 |   2415 |   4 | 1431.5 |
  Orcish Mines |   1449 |   1286 |    163 |     51 |    865 |   2 |  724.5 |
        Vaults |   8770 |   7891 |    879 |   1188 |   3839 |   5 | 1754.0 |
        Depths |   4844 |   4437 |    407 |    609 |   1808 |   4 | 1211.0 |
           Zot |   5593 |   5361 |    232 |   1816 |      0 |   5 | 1118.6 |
        Bazaar |     62 |     62 |      0 |      0 |     27 |   1 |   62.0 |
         Sewer |    348 |    348 |      0 |     23 |      0 |   1 |  348.0 |
               +--------+--------+--------+--------+--------+-----+--------+

Top non-repeatable levels by time:
Vaults:3: 2242 daAuts
 Snake:4: 2061 daAuts
Vaults:1: 1939 daAuts
 Snake:2: 1805 daAuts
     D:9: 1731 daAuts
     D:6: 1680 daAuts
  Lair:3: 1666 daAuts
Vaults:5: 1638 daAuts
Depths:2: 1627 daAuts
Vaults:2: 1547 daAuts
  Lair:4: 1482 daAuts
   Zot:5: 1441 daAuts
Vaults:4: 1402 daAuts
     D:8: 1303 daAuts
    D:10: 1291 daAuts
